 Dungeon Crawl Stone Soup version 0.24-a0-160-gfa3a8d6 (webtiles) character file.

Game seed: 10559130552538966948

1974 Lanoc the Poker (level 9, -7/85 HPs)
             Began as a Pale Draconian Abyssal Knight on Mar 5, 2019.
             Was a Priest of Lugonu.
             Mangled by Joseph
             ... wielding a +0 quarterstaff
              (8 damage)
             ... on level 7 of the Dungeon.
             The game lasted 00:10:59 (4799 turns).

Lanoc the Poker (Pale Draconian Abyssal Knight)     Turns: 4799, Time: 00:11:00

Health: -7/85      AC:  7    Str: 21    XL:     9   Next: 0%
Magic:  9/13       EV: 14    Int: 12    God:    Lugonu [***...]
Gold:   250        SH:  0    Dex: 13    Spells: 8/8 levels left

rFire    + . .     SeeInvis .   d - +3 spear
rCold    + + .     Gourm    .   (no shield)
rNeg     . . .     Faith    .   (armour unavailable)
rPois    .         Spirit   .   (helmet restricted)
rElec    .         Reflect  .   r - scarf {rC+ rF+}
rCorr    .         Harm     .   (no gloves)
MR       .....                  (no boots)
Stlth    +.........             (no amulet)
HPRegen  0.24/turn              (no ring)
MPRegen  0.13/turn              (no ring)

@: mighty
A: breathe steam, unfitting armour, cold resistance 1, robust 1, cold-blooded,
AC +7
a: Breathe Steam, Depart the Abyss, Bend Space, Banish, Renounce Religion


You were on level 7 of the Dungeon.
You worshipped Lugonu.
Lugonu was most pleased with you.
You were very hungry.

You visited 2 branches of the dungeon, and saw 8 of its levels.
You visited the Abyss 1 time.

You collected 250 gold pieces.

Inventory:

Hand Weapons
 d - a +3 spear (weapon)
 k - a +0 scythe of slicing
Armour
 r - a scarf of resistance (worn)
Jewellery
 m - an uncursed ring of fire {unknown}
Wands
 g - a wand of acid (5)
Scrolls
 a - 8 scrolls of identify {unknown}
 e - 3 scrolls of magic mapping
 f - 3 scrolls of immolation
 h - 4 scrolls of remove curse
 j - a scroll of fog {unknown}
 l - a scroll of teleportation {unknown}
 n - a scroll of enchant weapon {unknown}
 o - a scroll of enchant armour {unknown}
 q - a scroll of amnesia {unknown}
Potions
 i - a potion of might
Comestibles
 b - 10 rations


   Skills:
 + Level 6.5 Fighting
 * Level 7.7 Polearms
 + Level 5.2 Dodging
 + Level 6.0 Invocations


You had 8 spell levels left.
You didn't know any spells.
Your spell library contained the following spells:

 Spells                   Type           Power        Failure   Level  Hunger
 Beastly Appendage        Tmut           #.....       32%         1    ##.....
 Magic Dart               Conj           #...         32%         1    ##.....
 Sting                    Conj/Pois      #...         32%         1    ##.....
 Poisonous Vapours        Pois/Air       #.....       45%         2    ###....
 Searing Ray              Conj           #.....       45%         2    ###....
 Sticks to Snakes         Tmut           #.......     45%         2    ###....
 Dazzling Spray           Conj/Hex       #.....       69%         3    ####...
 Mephitic Cloud           Conj/Pois/Air  #.......     69%         3    ####...
 Spider Form              Tmut/Pois      #.........   69%         3    ####...
 Static Discharge         Conj/Air       #.......     69%         3    ####...
 Airstrike                Air            #.........   97%         4    #####..
 Force Lance              Conj/Tloc      #.......     97%         4    #####..
 Fulminant Prism          Conj/Hex       #.........   97%         4    #####..
 Ice Form                 Ice/Tmut       #.......     97%         4    #####..
 Iskenderun's Mystic Bla  Conj           #.......     97%         4    #####..
 Alistair's Intoxication  Tmut/Pois      #.......     100%        5    ######.
 Blade Hands              Tmut           #.........   100%        5    ######.


Dungeon Overview and Level Annotations

Branches:
Dungeon (7/15)             Temple (1/1) D:6

Altars:
Cheibriados
Elyvilon
Kikubaaqudgha
Sif Muna
Trog
Vehumet
Wu Jian
The Shining One

Shops:
D:6 [

Annotations:
D:6 1 runed translucent door, Duffy's ghost, novice NaGl
D:7 Joseph


Innate Abilities, Weirdness & Mutations

You can breathe blasts of scalding, opaque steam.
Your pale cyan-grey scales are hard. (AC +7)
You cannot fit into any form of body armour.
You are cold-blooded and may be slowed by cold attacks.
Your flesh is cold resistant. (rC+)
You are robust. (+10% HP)


Message History

You closely miss the steam dragon.
Your tail-slap misses the steam dragon.
The steam dragon is moderately wounded.
The steam dragon bites you!
* * * LOW HITPOINT WARNING * * *
The steam dragon claws you but does no damage.
Okay, then.
You puncture Joseph!
Joseph is moderately wounded.
You have got your breath back.
Joseph hits you with a +0 quarterstaff!
* * * LOW HITPOINT WARNING * * *
A jackal comes into view.
The steam dragon closely misses you. x2
Press: ? - help, Shift-Dir - straight line, f - Joseph, p - steam dragon
Aim: Joseph, wielding a +0 quarterstaff, wearing a +0 leather armour and carrying a wand of flame (15) (moderately wounded, chance to defeat MR: 71%) Joseph struggles to resist.
You are feeling very hungry.
A jackal comes into view.
Joseph hits you with a +0 quarterstaff!
You die...

** **,,**,,,.#**#.....###..#**,
,** **,,,,**#.###..?..?.....#,,
,,** ***,h,** *#...............,,
,,,***,,,.h,* ##)h............,,,
**,,,,****..**#....[..........,*,
***,*** *,..,,>,#..h.(.(..#*****
*,* **,*#.,****#......#* *,*
**,**#.h#####..)..## *,* **,**
*#.@@D)†.....# **,***,**
######......# **,,**,** ##.....##
,,****,** *** ##.###.### ***
*,,****,* #.# ##..## **,,,,,,,*
#.# ##..## *****,,,,,,,,* #.#
##..## ,,,,,,,,****** ##.# ##..##
,,,,,,,** ##..# ##..#


You could see Joseph, a steam dragon and 3 jackals.

Vanquished Creatures
  Pikel (D:4)
  Sigmund (D:5)
  Eustachio (D:4)
  Edmund (D:5)
  A black bear (D:6)
  A sky beast (D:5)
  2 ogres
  A phantom (D:6)
  2 bullfrogs (D:6)
  3 howler monkeys
  A crimson imp (D:5)
  A quasit (D:5)
  A jelly (D:6)
  A hound (D:2)
  An orc priest (D:6)
  3 iguanas (D:5)
  2 orc wizards
  A hound zombie (D:6)
  A worker ant zombie (D:5)
  6 adders
  An adder zombie (D:6)
  5 worms
  A dart slug (D:2)
  5 leopard geckos
  8 orcs
  A ball python (D:2)
  7 giant cockroaches
  7 hobgoblins
  12 jackals
  A quokka (D:2)
  4 bats
  9 frilled lizards
  5 goblins
  4 kobolds
  A leopard gecko skeleton (D:4)
  A quokka skeleton (D:5)
  3 rats
107 creatures vanquished.

Vanquished Creatures (others)
  2 slaves (D:5)
  An ogre (D:5)
  An iguana (D:5)
  2 orcs
6 creatures vanquished.

Grand Total: 113 creatures vanquished

Notes
Turn   | Place    | Note
-------+----------+-------------------------------------------
     0 | Abyss:1  | Lanoc the Draconian Abyssal Knight began the quest for the
                  | Orb.
     0 | Abyss:1  | Reached XP level 1. HP: 19/19 MP: 2/2
    79 | Abyss:1  | Noticed a vampire
    80 | Abyss:1  | Noticed a neqoxec
    82 | D:1      | Escaped the Abyss
   111 | D:1      | Reached * piety under Lugonu
   142 | D:1      | Reached XP level 2. HP: 17/26 MP: 3/3
   731 | D:2      | Reached XP level 3. HP: 20/31 MP: 4/4
  1023 | D:2      | Reached skill level 3 in Polearms
  1186 | D:2      | Reached XP level 4. HP: 33/40 MP: 6/6
  1199 | D:2      | Reached ** piety under Lugonu
  1557 | D:2      | Found a radiant altar of Vehumet.
  1637 | D:3      | Reached XP level 5. HP: 41/46 MP: 7/7
  1673 | D:3      | Noticed an orc warrior
  1848 | D:4      | Noticed Eustachio
  1869 | D:4      | Killed Eustachio
  1869 | D:4      | Reached skill level 4 in Polearms
  1869 | D:4      | Reached XP level 6. HP: 17/53 MP: 8/8
  2550 | D:5      | Entered Level 5 of the Dungeon
  2566 | D:5      | Noticed a slave
  2566 | D:5      | Noticed a slave
  2567 | D:5      | Noticed Pikel
  2567 | D:5      | Noticed a slave
  2568 | D:5      | Noticed a slave
  2575 | D:5      | Noticed Sigmund
  2588 | D:5      | Gained mutation: Your flesh is cold resistant. (rC+)
                  | [potion of mutation]
  2588 | D:5      | Gained mutation: You are robust. (+10% HP) [potion of
                  | mutation]
  2619 | D:4      | Killed Pikel
  2619 | D:4      | Reached skill level 5 in Fighting
  2619 | D:4      | Reached skill level 5 in Polearms
  2619 | D:4      | Your scales start taking on a pale cyan-grey colour.
  2619 | D:4      | Reached XP level 7. HP: 23/67 MP: 8/10
  2831 | D:5      | Killed Sigmund
  2831 | D:5      | Reached skill level 6 in Polearms
  2831 | D:5      | Reached XP level 8. HP: 74/75 MP: 11/11
  2869 | D:5      | Reached skill level 5 in Invocations
  3093 | D:5      | Found an ornate altar of the Wu Jian Council.
  3284 | D:5      | Found a snail-covered altar of Cheibriados.
  3383 | D:5      | Noticed Edmund
  3393 | D:5      | Killed Edmund
  3393 | D:5      | Reached skill level 7 in Polearms
  3897 | D:6      | Found a staircase to the Ecumenical Temple.
  3922 | D:6      | Reached *** piety under Lugonu
  3925 | D:6      | Reached skill level 5 in Dodging
  4183 | D:6      | Found a bloodstained altar of Trog.
  4187 | D:6      | Identified the Compendium of Aerial Poison
  4243 | D:6      | Found a runed translucent door.
  4244 | D:6      | Found Mipnoqun's Armour Shoppe.
  4244 | D:6      | Noticed Duffy's ghost (novice NaGl)
  4482 | Temple   | Entered the Ecumenical Temple
  4784 | D:7      | Noticed Joseph
  4793 | D:7      | Reached XP level 9. HP: 28/85 MP: 13/13
  4798 | D:7      | HP: 1/85 [Joseph/+0 quarterstaff (7)]
  4799 | D:7      | Mangled by Joseph

Levels and vault maps discovered:
D:1:      dpeg_arrival_arbitrary_c, layout_loops_ring, patterned_corridor
D:2:      layout_basic, lemuel_doored_altar
D:3:      layout_loops_ring, first_ration, minmay_rat_hole
D:4:      layout_rooms, uniq_eustachio
D:5:      layout_basic, cheibriados_altar_1, nicolae_overflow_hidden_temple,
          serial_corexii_hall, chequers_hall_statues_wall_a,
          corexii_hall_statues_l, sigmund_edmund_badplayer, uniq_pikel
D:6:      layout_loops_cross, lightli_temple_of_fire,
          minmay_temple_entry_arrows, ebering_ghost_inner_flame, serial_shops,
          nicolae_shop_waterfront, nrook_pool_corridor
D:7:      layout_layer_cave, serial_shops, kennysheep_little_box,
          uniq_prince_ribbit1, uniq_joseph
Temple:   eino_temple_rhombus
Abyss:1

Skill      XL: |  1  2  3  4  5  6  7  8 |
---------------+-------------------------+-----
Polearms       | 3 4 5 6 7 |  7.7
Fighting       | 4 5 6 |  6.5
Invocations    | 3 4 6 |  6.0
Dodging        | 3 4 5 |  5.2

Action                   |  1- 3 |  4- 6 |  7- 9 || total
-------------------------+-------+-------+-------++-------
Melee: Spear             |   130 |   154 |   122 ||   406
       Tailslap          |     9 |    14 |     7 ||    30
Invok: Depart the Abyss  |     1 |       |       ||     1
       Banish            |       |       |     1 ||     1
 Abil: Breathe Steam     |       |       |    11 ||    11
  Use: Potion            |       |     3 |     2 ||     5
       Scroll            |       |       |     2 ||     2
 Stab: Sleeping          |     2 |     1 |       ||     3
  Eat: Chunk             |     1 |     4 |     8 ||    13
Armor: Skin              |    27 |    32 |    32 ||    91
Dodge: Dodged            |    51 |   133 |    59 ||   243

Table legend:
 A = Non-vault XP
 B = Vault XP
 C = Vault XP percentage of total XP
 D = Non-vault monster count
 E = Vault monster count
 F = Vault count percentage of total count
                 A         B        C        D         E       F
            +---------+---------+-------+---------+---------+-------
      Total |    1623 |    1198 |  42.5 |     104 |       4 |   3.7
            +---------+---------+-------+---------+---------+-------
        D:1 |      33 |       0 |   0.0 |      21 |       0 |   0.0
        D:2 |     148 |       0 |   0.0 |      30 |       0 |   0.0
        D:3 |      57 |       0 |   0.0 |       8 |       0 |   0.0
        D:4 |     155 |     848 |  84.5 |      12 |       2 |  14.3
        D:5 |     503 |     350 |  41.0 |      15 |       2 |  11.8
        D:6 |     656 |       0 |   0.0 |      15 |       0 |   0.0
        D:7 |      71 |       0 |   0.0 |       3 |       0 |   0.0
            +---------+---------+-------+---------+---------+-------
